 Dungeon Crawl Stone Soup version 0.30-a0-916-g98134172ad (console) character file.

Game seed: 3857337653875263085

131 Abuh the Caller (level 5, -4/29 HPs)
             Began as a Kobold Summoner on Mar 20, 2023.
             Killed from afar by an orc wizard (8 damage)
             ... with a puff of flame
             ... on level 3 of the Dungeon.
             The game lasted 00:15:39 (2500 turns).

Abuh the Caller (Kobold Summoner)                   Turns: 2500, Time: 00:15:40

Health: -4/29      AC:  2    Str:  5    XL:     5   Next: 37%
Magic:  2/8        EV: 15    Int: 18    God:
Gold:   136        SH:  0    Dex: 16    Spells: 2/8 levels left

rFire   . . .      SeeInvis .    g - +0 sling
rCold   . . .      Faith    .    (no shield)
rNeg    . . .      Spirit   .    a - +0 robe
rPois   .          Reflect  .    (no helmet)
rElec   .          Rampage  .    (no cloak)
rCorr   .                        (no gloves)
Will    .....                    (no boots)
Stlth   +++                      (no amulet)
HPRegen 0.24/turn                (no ring)
MPRegen 0.11/turn                (no ring)

@: no status effects
A: small, no large weapons, nightstalker 3
a: no special abilities


You were on level 3 of the Dungeon.
You visited 1 branch of the dungeon, and saw 3 of its levels.

You collected 136 gold pieces.

Inventory:

Hand Weapons
 d - the +3 dagger "Arcanum" {venom, rCorr Int-5 SInv}
   (You found it on level 2 of the Dungeon)

   Int:       It affects your intelligence (-5).
   SInv:      It lets you see invisible.
   rCorr:     It protects you from acid and corrosion.
 e - a +1 long sword of holy wrath
 f - a +1 short sword of speed
 g - a +0 sling (weapon)
Armour
 a - a +0 robe (worn)
Scrolls
 c - a scroll of fog
 h - a scroll of poison {unknown}
 i - a scroll of vulnerability {unknown}
Potions
 b - a potion of ambrosia


   Skills:
 * Level 1.3 Fighting
 - Level 2.4 Dodging
 - Level 2.6 Stealth
 + Level 2.4 Spellcasting
 - Level 6.0 Summonings


You had 2 spell levels left.
You knew the following spells:

 Your Spells              Type           Power      Damage    Failure   Level
a - Call Imp              Summ           23%        N/A       2%          2
b - Summon Small Mammal   Summ           92%        N/A       1%          1
c - Call Canine Familiar  Summ           23%        N/A       4%          3

Your spell library contained the following spells:

 Spells                   Type           Power      Damage    Failure   Level
 Beastly Appendage        Tmut           4%         N/A       17%         1
 Wereblood                Tmut           2%         N/A       26%         2
 Summon Guardian Golem    Hex/Summ       13%        N/A       16%         3
 Ignite Poison            Fire/Tmut/Pois 2%         N/A       45%         3
 Kindle Blastsparks       Fire/Tloc/Air  4%         2d10      45%         3
 Spider Form              Tmut/Pois      2%         N/A       45%         3
 Summon Lightning Spire   Summ/Air       13%        N/A       45%         4
 Fulminant Prism          Conj/Hex       1%         3d5       86%         4
 Iskenderun's Mystic Bla  Conj/Tloc      2%         2d3       86%         4
 Sticky Flame             Conj/Fire      2%         2d3       86%         4
 Lee's Rapid Deconstruct  Erth           1%         3d4*      99%         5
 Ignition                 Fire           1%         3d3       100%        8


Dungeon Overview and Level Annotations

Branches:
Dungeon (3/15)

Altars:

Shops:
D:2 *


Innate Abilities, Weirdness & Mutations

You are small and have problems with some larger weapons.
You are completely attuned to the shadows.


Message History

Your crimson imp closely misses something.
Something hits you.
* * * LOW HITPOINT WARNING * * *
The orc misses you.
Your quokka bites the orc but does no damage.
Your bat hits something.
Your crimson imp hits something.
Something hits you.
* * * LOW HITPOINT WARNING * * *
The orc misses you.
Your bat closely misses something.
Your quokka barely misses the orc.
Your crimson imp blinks!
Something hits you.
* * * LOW HITPOINT WARNING * * *
The orc closely misses you.
Your bat barely misses something.
Your quokka bites the orc but does no damage.
The orc completely misses you.
Your quokka bites the orc.
Your crimson imp blinks!
Your bat hits something but does no damage.
Something hits you.
* * * LOW HITPOINT WARNING * * *
Your quokka bites the orc.
Something hits you.
* * * LOW HITPOINT WARNING * * *
The orc hits your quokka with a +0 club.
Your bat hits something but does no damage.
Your bat hits the orc but does no damage.
Your quokka barely misses the orc.
Your crimson imp hits the orc.
Something hits you but does no damage.
The orc hits your crimson imp but does no damage.
Your bat hits something but does no damage.
Your quokka barely misses the orc.
Your bat hits the orc but does no damage.
Your crimson imp hits the orc.
The orc dies!
Your bat hits something but does no damage. x2
Your quokka misses something.
Your crimson imp blinks!
The orc closely misses you. The orc barely misses your quokka.
You hear some strange, mumbled words.
A puff of flame appears from out of thin air!
The puff of flame hits you!
You die...

#.#.####.
#.#......
#.#.#.###
#.#<#....
#.###..##
#..)...####
...........>###
########....†.#
#......#.).#.#
#......#.#.#.#
#......#...#.#
#......###(#(#
#............#
##.#...###.###
.#......###.#
...###...##.#
.#.#.#.#.##.#
...#.#.....+####
........†#.....#
..##.##††...)..#
#.#...#†###....#
.........)#.#.##
#.#...#.###...#
..##.##.....###
......5.§#..#####
...#.#.br{@......
.#.#.#.#.o#######
...###...#.....
#........#o####
....#.......
.#....#..)...
......#


You could see an orc, a friendly crimson imp (summoned), a friendly quokka
(summoned) and a friendly bat (summoned).

Vanquished Creatures
  A goblin (D:1)
1 creature vanquished.

Vanquished Creatures (collateral kills)
  A bullfrog (D:3)
  An adder (D:2)
  3 worms (D:2)
  3 dart slugs
  2 orcs (D:3)
  2 ball pythons (D:2)
  4 bats
  5 endoplasms
  3 giant cockroaches (D:2)
  2 goblins
  4 hobgoblins
  3 jackals
  2 quokkas
  A kobold (D:3)
  5 rats
41 creatures vanquished.

Grand Total: 42 creatures vanquished

Notes
Turn   | Place    | Note
-------+----------+-------------------------------------------
     0 | D:1      | Abuh the Kobold Summoner began the quest for the Orb.
     0 | D:1      | Reached XP level 1. HP: 10/10 MP: 3/3
   421 | D:1      | Reached XP level 2. HP: 15/15 MP: 1/5
  1135 | D:1      | Learned a level 2 spell: Call Imp
  1175 | D:2      | Identified the +3 dagger "Arcanum" {venom, rCorr Int-5
                  | SInv}
  1228 | D:2      | Reached XP level 3. HP: 6/19 MP: 3/6
  1294 | D:2      | Learned a level 1 spell: Summon Small Mammal
  1298 | D:2      | Learned a level 3 spell: Call Canine Familiar
  1374 | D:2      | Found Jaoreoc's Assorted Antiques.
  1414 | D:2      | Reached skill level 5 in Summonings
  1660 | D:2      | Reached XP level 4. HP: 24/24 MP: 7/7
  2325 | D:3      | Noticed a bullfrog
  2334 | D:3      | Killed a bullfrog
  2335 | D:3      | Reached skill level 6 in Summonings
  2335 | D:3      | Reached skill level 1 in Fighting
  2335 | D:3      | Reached XP level 5. HP: 29/29 MP: 0/8
  2500 | D:3      | Killed from afar by an orc wizard

Illustrated notes

Levels and vault maps discovered:
D:1:      scummos_arrival_forest, layout_basic, serial_park_tiny_2,
          hangedman_abyss_or_decor_stabs, amcnicky_mini_corridor_feature
D:2:      layout_rooms, serial_shops, nicolae_shop_statue_plus
D:3:      layout_basic, minmay_fractal_squares_5

Skill      XL: |  1  2  3  4 |
---------------+-------------+-----
Summonings     | 5 6 |  6.0
Fighting       | 1 |  1.3
Dodging        | |  2.4
Stealth        | |  2.6
Spellcasting   | |  2.4

Action                     |  1- 3 |  4- 6 || total
---------------------------+-------+-------++-------
  Melee: Unarmed           |     4 |       ||     4
   Cast: Summon Small Mamm |    37 |    23 ||    60
         Call Imp          |     6 |     2 ||     8
         Call Canine Famil |     2 |     8 ||    10
    Use: Scroll            |     3 |     1 ||     4
         Potion            |     1 |     1 ||     2
 Armour: Robe              |     7 |     4 ||    11
  Dodge: Dodged            |    43 |    32 ||    75

Table legend: (Time is in decaauts)
 A = Elapsed time spent in this place.
 B = Non-inter-level travel time spent in this place.
 C = Inter-level travel time spent in this place.
 D = Time resting spent in this place.
 E = Time spent auto-exploring this place.
 F = Levels seen in this place.
 G = Mean time per level.
                   A        B        C        D        E       F      G
               +--------+--------+--------+--------+--------+-----+--------+
         Total |   2499 |   2357 |    142 |    446 |   1373 |   3 |  833.0 |
       Dungeon |   2499 |   2357 |    142 |    446 |   1373 |   3 |  833.0 |
               +--------+--------+--------+--------+--------+-----+--------+

Top non-repeatable levels by time:
     D:1: 1138 daAuts
     D:2: 1053 daAuts
     D:3: 307 daAuts
